Map: [ESL] Equilibrium

Players

Harstem - Winner!

  • Race: Protoss Protoss
  • Spawn Location: 1:00

milkicow

  • Race: Terran Terran
  • Spawn Location: 11:00

Event: ESL SC2 Masters 2023 Winter (Regional)

VOD

Have the link to the VOD?

Description

Time

  • Played on: Oct. 26, 2023, 1:56 p.m.
  • Length: 13:01

All games in this series

Show
View Real Time Build Order
Export as new Build Order

Harstem Protoss - Winner!

Build Orders: 1 Gate Expand, Oracle Opening, Phoenix Opening 

Get SALT Encoding   

  12  0:00  Probe  
  13  0:12  Probe  
  14  0:17  Pylon  
  14  0:24  Probe (Chrono Boost)  
  15  0:36  Probe (Chrono Boost)  
  15  0:39  Gateway  
  16  0:45  Probe (Chrono Boost)  
  16  0:46  Assimilator  
  17  0:51  Probe  
  18  1:03  Probe  
  19  1:15  Probe  
  20  1:25  Cybernetics Core  
  20  1:33  Nexus  
  20  1:39  Pylon  
  20  1:42  Probe  
  21  1:48  Assimilator  
  21  1:54  Probe  
  21  1:59  Adept (Chrono Boost)  
  22  2:06  Probe  
  25  2:18  Probe (Chrono Boost)  
  25  2:21  Stargate  
  26  2:24  Adept  
  29  2:30  Probe (Chrono Boost)  
  29  2:33  Shield Battery  
  29  2:35  Warp Gate  
  29  2:36  Probe (Chrono Boost)  
  30  2:45  Probe  
  30  2:48  Probe (Chrono Boost)  
  33  3:00  Probe (Chrono Boost)  
  33  3:03  Probe (Chrono Boost)  
  33  3:04  Oracle (Chrono Boost)  
  34  3:07  Probe (Chrono Boost)  
  34  3:10  Probe (Chrono Boost)  
  39  3:14  Probe  
  39  3:16  Pylon  
  40  3:21  Probe  
  40  3:26  Gateway, Probe  
  42  3:33  Probe  
  42  3:34  Phoenix (Chrono Boost)  
  45  3:38  Probe  
  46  3:45  Probe  
  47  3:51  Pylon  
  47  3:54  Probe  
  48  3:56  Phoenix (Chrono Boost)  
  48  3:57  Probe  
  51  4:06  Probe  
  51  4:09  Probe  
  50  4:18  Probe  
  50  4:21  Probe  
  51  4:27  Adept x2  
  51  4:30  Probe  
  54  4:34  Probe (Chrono Boost)  
  53  4:40  Assimilator  
  55  4:46  Probe (Chrono Boost)  
  55  4:47  Probe (Chrono Boost)  
  55  4:49  Pylon  
  55  4:50  Phoenix  
  57  4:54  Probe (Chrono Boost)  
  57  4:56  Probe (Chrono Boost)  
  59  5:00  Nexus  
  59  5:03  Probe  
  59  5:04  Pylon  
  60  5:08  Probe  
  60  5:12  Twilight Council  
  61  5:15  Probe  
  61  5:18  Phoenix  
  61  5:21  Probe  
  65  5:27  Probe  
  66  5:33  Probe  
  67  5:39  Probe, Forge  
  67  5:41  Gateway  
  68  5:42  Gateway  
  68  5:44  Sentry  
  68  5:45  Probe  
  68  5:47  Charge (Chrono Boost)  
  71  5:51  Probe  
  72  5:57  Probe  
  72  5:58  Pylon x2  
  72  6:00  Gateway  
  73  6:06  Probe  
  73  6:07  Gateway, Protoss Ground Armor Level 1 (Chrono Boost)  
  73  6:09  Probe  
  75  6:18  Probe  
  77  6:23  Gateway  
  77  6:25  Sentry, Gateway, Zealot  
  81  6:30  Robotics Facility  
  81  6:31  Probe x2  
  81  6:32  Probe  
  83  6:35  Assimilator  
  83  6:41  Zealot x2  
  83  6:43  Probe  
  83  6:45  Shield Battery  
  88  6:49  Probe  
  88  6:51  Zealot x2  
  93  7:00  Probe  
  93  7:01  Zealot x3  
  100  7:04  Pylon  
  100  7:06  Pylon  
  100  7:08  Zealot  
  100  7:11  Pylon, Probe  
  100  7:12  Sentry, Zealot  
  100  7:15  Pylon  
  105  7:25  Observer (Chrono Boost), Probe  
  105  7:26  Zealot x3  
  105  7:27  Zealot  
  105  7:28  Robotics Bay  
  115  7:31  Zealot x2  
  117  7:38  Zealot x2  
  121  7:46  Probe  
  121  7:48  Zealot x4  
  130  7:55  Probe  
  130  7:57  Protoss Ground Weapons Level 1 (Chrono Boost)  
  131  8:08  Nexus  
  131  8:11  Pylon  
  131  8:12  Pylon  
  131  8:14  Sentry, Disruptor (Chrono Boost)  
  133  8:23  Sentry, Zealot x4  
  139  8:29  Photon Cannon  
  139  8:30  Photon Cannon  
  139  8:32  Photon Cannon  
  137  8:37  Sentry, Zealot x2  
  137  8:38  Shield Battery  
  137  8:41  Disruptor (Chrono Boost)  
  139  8:57  Zealot x7  
  143  9:05  Zealot  
  143  9:07  Disruptor (Chrono Boost)  
  143  9:08  Probe  
  145  9:12  Pylon  
  145  9:14  Pylon  
  130  9:25  Stalker x5  
  136  9:32  Zealot x2  
  129  9:44  Zealot  
  117  9:50  Zealot x3  
  104  10:07  Zealot x5  
  104  10:12  Zealot x2  
  108  10:21  Colossus (Chrono Boost)  
  108  10:31  Zealot x3  
  114  10:35  Zealot  
  114  10:39  Zealot x3  
  114  10:52  Zealot x3  
  114  10:54  Pylon  
  120  10:57  Extended Thermal Lance (Chrono Boost)  
  120  11:04  Colossus (Chrono Boost)  
  122  11:14  Zealot x6  
  131  11:19  Photon Cannon  
  131  11:24  Phoenix  
  129  11:26  Zealot  
  129  11:29  Observer  
  117  11:43  Stalker x4  
  117  11:44  Stalker  
  127  11:49  Colossus (Chrono Boost)  
  131  12:02  Pylon  
  131  12:03  Stalker  
  133  12:21  Stalker x4  
  141  12:32  Nexus  
  141  12:35  Pylon  
  133  12:46  Zealot  
  133  12:47  Zealot x3  
Show
View Real Time Build Order
Export as new Build Order

milkicow Terran 

Build Orders: 1/1/1, Widow Mine Drop 

Get SALT Encoding   

  12  0:00  SCV  
  13  0:12  SCV  
  14  0:17  Supply Depot  
  14  0:24  SCV  
  15  0:38  SCV  
  15  0:40  Barracks  
  16  0:42  Refinery  
  16  0:50  SCV  
  16  0:52  Refinery  
  17  1:02  SCV  
  18  1:15  SCV  
  19  1:27  Orbital Command  
  19  1:31  Factory  
  19  1:40  Reaper  
  19  1:44  Supply Depot  
  20  1:52  SCV  
  21  2:05  SCV  
  22  2:16  Widow Mine, Starport  
  22  2:18  SCV  
  25  2:23  Barracks Reactor  
  25  2:30  SCV  
  25  2:33  Command Center  
  26  2:37  Widow Mine  
  28  2:44  SCV  
  28  2:45  Supply Depot  
  29  2:57  Medivac  
  31  3:06  SCV, Marine x2  
  31  3:07  Widow Mine  
  36  3:18  Armory, SCV  
  37  3:27  Marine x2  
  37  3:33  Starport Tech Lab, Factory Tech Lab  
  39  3:45  Marine x2, SCV  
  42  3:52  Cyclone  
  44  3:57  SCV  
  44  4:00  Viking  
  42  4:05  Marine x2  
  42  4:09  SCV  
  40  4:17  Orbital Command  
  40  4:21  SCV  
  40  4:22  Marine  
  40  4:23  Marine  
  38  4:33  SCV  
  37  4:38  Siege Tank  
  37  4:40  Marine  
  37  4:43  Barracks  
  37  4:44  SCV  
  39  4:45  SCV  
  39  4:49  Marine  
  41  4:56  Barracks, SCV  
  41  4:57  SCV  
  43  5:02  Marine  
  44  5:08  SCV  
  44  5:09  Marine  
  44  5:10  SCV  
  44  5:13  Supply Depot  
  47  5:20  Starport Reactor, SCV  
  48  5:21  Engineering Bay  
  48  5:22  SCV  
  48  5:25  Factory Reactor  
  49  5:33  SCV  
  49  5:34  SCV, Marine x2  
  53  5:36  Supply Depot  
  53  5:37  Stimpack, Marine  
  54  5:45  SCV  
  54  5:46  SCV  
  54  5:47  Terran Infantry Weapons Level 1  
  56  5:51  Marine  
  56  5:55  Marine, Refinery  
  56  5:56  Marine  
  60  5:57  SCV  
  60  5:58  SCV, Marine  
  60  5:59  Combat Shield, Supply Depot  
  62  6:04  Supply Depot  
  62  6:08  Medivac  
  62  6:09  Marine, SCV  
  66  6:12  SCV  
  66  6:13  Marine  
  66  6:14  Marine  
  66  6:16  Marine  
  70  6:21  SCV  
  70  6:24  Supply Depot  
  70  6:25  Medivac  
  73  6:27  Marine  
  73  6:31  Marine  
  73  6:32  Widow Mine x2  
  80  6:37  Marine  
  80  6:39  Medivac  
  82  6:45  SCV x2  
  84  6:47  Command Center  
  84  6:48  Supply Depot  
  84  6:49  Marine  
  84  6:51  Marine  
  86  6:56  Widow Mine  
  86  6:57  Marine  
  89  7:01  Barracks  
  89  7:04  Marine  
  89  7:07  Medivac  
  89  7:08  Widow Mine  
  92  7:11  Barracks, Marine  
  92  7:12  Marine  
  93  7:15  Refinery  
  93  7:16  Marine  
  93  7:18  Widow Mine  
  93  7:20  Supply Depot  
  93  7:22  Medivac  
  97  7:24  Marine  
  97  7:28  SCV  
  97  7:29  Marine x2  
  101  7:34  Marine, Supply Depot  
  102  7:42  Marauder, Widow Mine  
  108  7:44  Widow Mine  
  108  7:46  SCV  
  108  7:47  Marine  
  110  7:52  Marine  
  110  7:55  Marine  
  110  7:56  Marauder  
  113  8:00  Medivac x2  
  113  8:03  Marine  
  113  8:05  Marine  
  118  8:10  Marine  
  118  8:11  Orbital Command  
  118  8:13  Marine  
  118  8:19  Marine  
  118  8:20  Marauder  
  118  8:22  Marauder  
  118  8:23  Marine  
  115  8:28  Marine  
  115  8:31  Marine  
  116  8:37  Widow Mine  
  116  8:39  Marine  
  118  8:46  Marine  
  118  8:47  Marine  
  118  8:55  Marine  
  112  8:56  Marauder  
  112  8:58  Marine  
  108  9:03  SCV  
  108  9:05  SCV  
  108  9:08  SCV  
  102  9:19  Marauder, Marine  
  96  9:27  Marine  
  96  9:31  Marine  
  95  9:33  SCV  
  95  9:34  SCV  
  95  9:35  SCV  
  87  9:45  SCV  
  87  9:46  SCV  
  87  9:47  SCV, Marauder  
  92  9:57  SCV, Marauder  
  92  9:58  SCV  
  88  10:02  SCV  
  83  10:10  Marauder, SCV x2  
  83  10:11  Marine  
  83  10:13  Orbital Command  
  86  10:19  Marauder, Marine  
  88  10:22  SCV  
  88  10:23  Marine, Terran Infantry Armor Level 1, SCV  
  88  10:27  Marine  
  92  10:32  Marauder  
  92  10:34  SCV  
  92  10:35  SCV  
  96  10:40  Marine  
  96  10:41  SCV, Marauder  
  100  10:45  Marine  
  100  10:48  SCV  
  100  10:49  SCV  
  103  10:52  Marine  
  103  10:53  Marauder, SCV  
  103  10:54  Marine  
  108  10:58  Widow Mine x2, Marine  
  108  11:00  SCV  
  108  11:02  Marauder  
  108  11:03  Marine  
  117  11:06  SCV  
  117  11:10  Marine  
  119  11:11  Marine  
  119  11:15  Marauder  
  119  11:16  Marine  
  119  11:21  SCV, Marine  
  119  11:23  Marauder  
  121  11:27  Marine  
  121  11:29  Marine  
  121  11:31  Medivac  
  120  11:34  Marine, SCV  
  120  11:35  SCV  
  120  11:36  Marauder  
  99  11:42  Marine  
  99  11:44  SCV, Widow Mine x2  
  99  11:45  Viking, Marauder  
  99  11:46  SCV  
  99  11:47  Marine, SCV  
  104  11:51  Refinery  
  104  11:52  Marine, Refinery  
  104  11:53  Barracks Tech Lab, Ghost Academy  
  105  11:56  SCV  
  105  11:57  Marauder  
  105  11:59  Marine  
  105  12:05  Viking, Marine  
  105  12:06  Marauder  
  110  12:09  SCV x2  
  110  12:10  Marine  
  110  12:13  Marauder  
  110  12:14  SCV  
  116  12:17  Marine  
  116  12:19  Marauder  
  116  12:21  SCV x2  
  117  12:23  Marine  
  117  12:24  Viking, Widow Mine x2  
  117  12:27  Marine  
  117  12:28  Marine  
  126  12:35  Marine, Marauder  
  123  12:40  Marine  
  123  12:42  SCV  
  122  12:45  SCV  
Tags
 
Add a new tag
Caveats
  • Supply blocks, unpowered buildings, or Contaminate may cause inaccurate times.
  • Supply counts are checked every 10 seconds.